 Dungeon Crawl Stone Soup version 0.30.0-2-g1aa4bd4387 (webtiles) character file.

Game seed: 16152915663371505231

1171 Kenran the Basher (level 8, -14/67 HPs)
             Began as a Gargoyle Warper on May 7, 2023.
             Was an Initiate of the Shining One.
             Demolished by Duvessa
             ... wielding a +3 short sword of protection
              (18 damage)
             ... on level 6 of the Dungeon.
             The game lasted 00:17:47 (6213 turns).

Kenran the Basher (Gargoyle Warper)                 Turns: 6213, Time: 00:17:47

Health: -14/67     AC: 16    Str: 15 (16) XL:     8   Next: 41%
Magic:  11/11      EV:  7    Int: 12 (15) God:    the Shining One [......]
Gold:   252        SH:  0    Dex:  6 (9)  Spells: 11/11 levels left

rFire   . . .        a - +0 flail
rCold   . . .        (no shield)
rNeg    + . .        i - +0 chain mail
rPois   ∞            v - +1 helmet
rElec   +            (no cloak)
rCorr   .            (no gloves)
SInv    .            (no boots)
Will    +....        (no amulet) Stlth
                     m - ring of willpower
HPRegen 0.31/turn    (no ring)
MPRegen 0.12/turn

%: no passive effects
@: berserking (expiring), glowing, very quick
A: sickness immunity, AC +5, negative energy resistance 1, electricity
resistance, torment resistance 1, petrification resistance, wild magic 1
a: Renounce Religion


You were on level 6 of the Dungeon.
You worshipped the Shining One.
The Shining One was noncommittal.
You visited 2 branches of the dungeon, and saw 7 of its levels.

You collected 252 gold pieces.


Innate Abilities, Weirdness & Mutations

You are immune to sickness and miasma.
Your stone body is resilient. (AC +5)
You are immune to poison.
You resist negative energy. (rN+)
You are resistant to electric shocks. (rElec)
You are resistant to unholy torment.
You are immune to petrification.
Your spells are a little harder to cast, but a little more powerful.


   Skills:
 + Level 2.3 Fighting
 - Level 10.0 Maces & Flails
 - Level 0.8 Throwing
 - Level 1.1 Armour
 - Level 1.5 Dodging
 - Level 2.0 Spellcasting
 - Level 2.6 Translocations


You had 11 spell levels left.
You didn't know any spells.
Your spell library contained the following spells:

 Spells                   Type           Power      Damage    Failure   Level
 Blink                    Tloc           18%        N/A       95%         2
 Lesser Beckoning         Tloc           18%        N/A       95%         2
 Teleport Other           Tloc           9%         N/A       99%         3
 Vhi's Electric Charge    Tloc/Air       10%        N/A       100%        3
 Manifold Assault         Tloc           9%         N/A       100%        4

Inventory:

Hand Weapons
 a - a +0 flail (weapon)
   (You found it on level 3 of the Dungeon)
Missiles
 d - 7 boomerangs of dispersal (quivered) {=f!f}
 s - 5 poisoned darts
Armour
 i - a +0 chain mail (worn)
   (You found it on level 1 of the Dungeon)
 v - a +1 helmet (worn)
   (You found it on level 4 of the Dungeon)
Jewellery
 m - a ring of willpower (left hand)
   (You found it on level 1 of the Dungeon)
 C - a ring of ice
   (You found it on level 2 of the Dungeon)
 L - a ring of flight
   (You found it on level 2 of the Dungeon)
Wands
 h - a wand of charming (15)
   (You found it on level 3 of the Dungeon)
 l - a wand of mindburst (3)
   (You found it on level 3 of the Dungeon)
 x - a wand of flame (12)
   (You found it on level 5 of the Dungeon)
Scrolls
 b - 3 scrolls of teleportation {@r4}
 c - a scroll of blinking {!r}
 g - a scroll of magic mapping {unknown}
 j - 3 scrolls of enchant armour
 n - a scroll of poison {unknown}
 p - a scroll of fear {unknown}
 q - 2 scrolls of enchant weapon
Potions
 e - a potion of curing {unknown}
 f - 2 potions of degeneration {!q}
 k - a potion of berserk rage {!q}
 o - 2 potions of flight {unknown}
 r - a potion of haste {unknown}
 t - 4 potions of mutation {!q}
 w - a potion of lignification {unknown}

Dungeon Overview and Level Annotations

Branches:
Dungeon (6/15) Zot: 26152  Temple (1/1) D:5 Zot: 5929

Altars:
Cheibriados
Fedhas
Gozag
Hepliaklqana
Kikubaaqudgha
Makhleb
Nemelex Xobeh
Okawaru
Qazlal
Ru
Sif Muna
Trog
Uskayaw
Vehumet
Yredelemnul
Zin
The Shining One

Shops:
D:4 [(

Annotations:
D:4 exclusion: downstairs
D:5 3 runed translucent doors, exclusion: downstairs, Sigmund; shayaa's ghost, amateur BaFi
D:6 Duvessa

### .....###########
#...@.......>
####e........ #.).......
#......... ###.[.......
##. #...<.....<.
.....#########.#.).......
.....?..e......#.........
......###################


You could see Duvessa (berserk).


Message History

You see here a +0 spear.
There is a stone staircase leading up here.
Things that are here:
a +0 whip; a +0 robe; a +0 whip
There is a stone staircase leading down here.
You climb downwards.
Level annotation: Dowan; Duvessa
There is a stone staircase leading up here.
Okay, then.
Aiming: Iceblast
Press: ? - help, Shift-Dir - straight line, f - Duvessa
Aim: Duvessa, wielding a +3 short sword of protection and wearing a +0 chain mail (lightly wounded)
The mass of ice explodes!
The iceblast engulfs Duvessa.
The iceblast engulfs Dowan!
The now-empty wand crumbles to dust.
Okay, then.
Aiming: Mindburst
Press: ? - help, Shift-Dir - straight line, f - Dowan, p - Duvessa
Aim: Dowan, wielding a +0 dagger and wearing a +0 robe (severely wounded, chance to affect: 64%) Dowan's mind is blasted.
Aiming: Mindburst
Press: ? - help, Shift-Dir - straight line, f/p - Dowan
Aim: Dowan, wielding a +0 dagger and wearing a +0 robe (almost dead, chance to affect: 64%) Dowan's mind is blasted!
You blow up Dowan!
Duvessa screams in rage.
Duvessa goes berserk!
Duvessa hits you but does no damage.
Training target 10.0 for Maces & Flails reached!
Your Maces & Flails skill increases to level 10!
You need to enable at least one skill for training. 😎 HP[+1]
You now have 45 max hp (+1).
Your hp is fully restored (45).
It was a potion of mutation.
You feel extremely strange.
You feel less in control of your magic. Duvessa barely misses you.
It was a potion of degeneration.
There was something very wrong with that liquid.
You feel weakened.
You feel dopey.
You feel clumsy.
Duvessa hits you with a +3 short sword of protection!
Duvessa hits you but does no damage. 😕 HP[-11]
You take 11 damage, and now have 34/45 hp.
MASSIVE DAMAGE!! (PAUSE)
Okay, then.
Okay, then.
It was a potion of berserk rage.
A red film seems to cover your vision as you go berserk!
You feel yourself moving faster!
You feel mighty!
Duvessa hits you with a +3 short sword of protection. 😮 HP[+16]
You now have 67 max hp (+22).
You regained 16 hp, and now have 50/67 hp.
You hit Duvessa.
Duvessa hits you with a +3 short sword of protection. 😮 HP[-2]
You take 2 damage, and now have 48/67 hp.
You sock Duvessa!
Duvessa hits you with a +3 short sword of protection. 😮 HP[-3]
You take 3 damage, and now have 45/67 hp.
You barely miss Duvessa. Duvessa completely misses you.
You hit Duvessa but do no damage.
Duvessa hits you with a +3 short sword of protection. 😮 HP[-2]
You take 2 damage, and now have 43/67 hp.
You barely miss Duvessa. Duvessa barely misses you.
You hit Duvessa but do no damage. Duvessa completely misses you.
You hit Duvessa but do no damage.
Duvessa hits you with a +3 short sword of protection!
* * * LOW HITPOINT WARNING * * *
😨 HP[-12]
You take 12 damage, and now have 31/67 hp.
You hit Duvessa.
Duvessa hits you with a +3 short sword of protection!
* * * LOW HITPOINT WARNING * * *
😨 HP[-9]
You take 9 damage, and now have 22/67 hp.
You closely miss Duvessa.
Duvessa hits you with a +3 short sword of protection.
* * * LOW HITPOINT WARNING * * *
You barely miss Duvessa.
Duvessa hits you with a +3 short sword of protection.
* * * LOW HITPOINT WARNING * * *
😨 HP[-3]
You take 3 damage, and now have 19/67 hp.
You hit Duvessa but do no damage. You closely miss Duvessa.
Duvessa hits you with a +3 short sword of protection!
* * * LOW HITPOINT WARNING * * *
Duvessa barely misses you. 😱 HP[-9]
You take 9 damage, and now have 10/67 hp.
You barely miss Duvessa.
Duvessa hits you with a +3 short sword of protection!
* * * LOW HITPOINT WARNING * * *
😱 HP[-7]
You take 7 damage, and now have 3/67 hp.
You barely miss Duvessa.
Duvessa hits you with a +3 short sword of protection!!
You die...

Skill      XL: |  1  2  3  4  5  6  7  8 |
---------------+-------------------------+-----
Maces & Flails | 3 4 5 6 7 9 10 | 10.0
Fighting       | |  2.3
Throwing       | |  0.8
Armour         | |  1.1
Dodging        | |  1.5
Spellcasting   | |  2.0
Translocations | |  2.6

Action                     |  1- 3 |  4- 6 |  7- 9 || total
---------------------------+-------+-------+-------++-------
  Melee: Mace              |   171 |    82 |       ||   253
         Punch             |     2 |     1 |     1 ||     4
         Flail             |       |   189 |   206 ||   395
  Evoke: Wand              |       |     2 |    14 ||    16
    Use: Scroll            |       |     4 |       ||     4
         Potion            |       |       |     3 ||     3
 Armour: Scale mail        |    49 |       |       ||    49
         Leather armour    |     4 |       |       ||     4
         Chain mail        |    50 |   166 |   144 ||   360
  Dodge: Dodged            |    84 |    91 |    78 ||   253

Levels and vault maps discovered:
D:1:      dpeg_arrival_subterranean_lakeside_camping, layout_rooms,
          dreamdust_ecumenical_altar_drowned_temple, st_stairs_10,
          minmay_domino_4
D:2:      wander_river, layout_loops_ring, basic_altar,
          kennysheep_generic_room_11
D:3:      cheibrodos_fertilizer, layout_basic, chequers_serial_rivers_large_b,
          chequers_big_river
D:4:      layout_loops_ring, serial_shops, nicolae_shop_real_fake_doors,
          nicolae_lakefront_shop
D:5:      layout_loops_ring, nicolae_qazlal_eye_of_the_storm, slow_altar_1,
          mainiacjoe_overflow_paths, minmay_temple_entry_metal_lava,
          gammafunk_ghost_icy, uniq_sigmund
D:6:      layout_rooms, amethyst_overflow_temple_binary, uniq_duvessa,
          uniq_blork_the_orc
Temple:   eino_temple_lava

Notes
Turn   | Place    | Note
-------+----------+-------------------------------------------
     0 | D:1      | Kenran the Gargoyle Warper began the quest for the Orb.
     0 | D:1      | Reached XP level 1. HP: 12/12 MP: 3/3
     0 | D:1      | magus.rc [v1.11.6]
   102 | D:1      | Reached XP level 2. HP: 17/17 MP: 5/5
   270 | D:1      | Reached skill level 3 in Maces & Flails
   406 | D:1      | Reached XP level 3. HP: 18/21 MP: 6/6
   786 | D:1      | Found a faded altar of an unknown god.
  1051 | D:2      | Found a shimmering blue altar of Sif Muna.
  1225 | D:2      | Reached skill level 4 in Maces & Flails
  1366 | D:2      | Reached XP level 4. HP: 24/26 MP: 7/7
  1803 | D:3      | Noticed a scorpion
  2452 | D:3      | Reached skill level 5 in Maces & Flails
  2452 | D:3      | Reached XP level 5. HP: 19/30 MP: 8/8
  2776 | D:3      | Reached skill level 6 in Maces & Flails
  2776 | D:3      | Reached XP level 6. HP: 19/35 MP: 9/9
  3471 | D:4      | Found Golopn's Weapon Boutique.
  3572 | D:4      | Found Yschuaz's Armour Emporium.
  3815 | D:4      | Reached skill level 7 in Maces & Flails
  3894 | D:5      | Entered Level 5 of the Dungeon
  3901 | D:5      | HP: 7/35 [gnoll/+0 halberd (7)]
  3912 | D:4      | HP: 6/35 [quokka (1)]
  4148 | D:5      | Found a runed translucent gate.
  4148 | D:5      | Found a runed translucent gate.
  4148 | D:5      | Found a runed translucent gate.
  4235 | D:5      | Reached XP level 7. HP: 29/40 MP: 10/10
  4391 | D:5      | Found an opulent altar of Gozag.
  4451 | D:5      | Reached skill level 8 in Maces & Flails
  4565 | D:5      | Noticed Sigmund
  4617 | D:5      | Found a snail-covered altar of Cheibriados.
  4935 | D:5      | Found a stormy altar of Qazlal.
  4977 | D:5      | Noticed shayaa's ghost (amateur BaFi)
  5061 | D:5      | Found a staircase to the Ecumenical Temple.
  5067 | Temple   | Entered the Ecumenical Temple
  5129 | Temple   | Became a worshipper of the Shining One
  5367 | D:6      | Noticed a steam dragon
  5552 | D:5      | Reached skill level 9 in Maces & Flails
  5552 | D:5      | Reached XP level 8. HP: 36/44 MP: 11/11
  5787 | D:5      | HP: 10/44 [something (5)]
  5950 | D:6      | Noticed Duvessa
  5970 | D:6      | Noticed Dowan
  6196 | D:6      | Killed Dowan
  6197 | D:6      | Reached skill level 10 in Maces & Flails
  6197 | D:6      | Gained mutation: Your spells are a little harder to cast,
                  | but a little more powerful. [potion of mutation]
  6211 | D:6      | HP: 10/67 [Duvessa/+3 short sword of protection (9)]
  6212 | D:6      | HP: 3/67 [Duvessa/+3 short sword of protection (7)]
  6213 | D:6      | Demolished by Duvessa

Vanquished Creatures
  A steam dragon (D:5)
  An ogre (D:5)
  A bullfrog (D:5)
  3 scorpions
  Dowan (D:6)
  2 jellies (D:3)
  6 hounds (D:5)
  A gnoll bouda (D:5)
  An iguana (D:5)
  5 orc wizards
  6 gnolls
  5 adders
  An ufetubus (D:5)
  2 worms (D:5)
  A dart slug (D:4)
  23 orcs
  4 bats
  15 endoplasms
  5 giant cockroaches
  7 goblins
  10 hobgoblins
  3 jackals (D:2)
  4 quokkas
  19 ball pythons
  3 frilled lizards
  10 kobolds
  12 rats
  A spectral hobgoblin (D:1)
153 creatures vanquished.

Vanquished Creatures (collateral kills)
  A frilled lizard (D:3)
  A rat (D:3)
2 creatures vanquished.

Vanquished Creatures (others)
  3 orcs (D:6)
  7 fungi (D:3)
  7 toadstools (D:3)
17 creatures vanquished.

Grand Total: 172 creatures vanquished

Table legend:
 A = Non-vault XP
 B = Vault XP
 C = Vault XP percentage of total XP
 D = Non-vault monster count
 E = Vault monster count
 F = Vault count percentage of total count
                 A         B        C        D         E       F
            +---------+---------+-------+---------+---------+-------
      Total |    1461 |     212 |  12.7 |     120 |      35 |  22.6
            +---------+---------+-------+---------+---------+-------
        D:1 |      29 |      21 |  42.0 |      19 |      14 |  42.4
        D:2 |      58 |       2 |   3.3 |      22 |       2 |   8.3
        D:3 |     179 |     115 |  39.1 |      28 |      17 |  37.8
        D:4 |     183 |       0 |   0.0 |      19 |       0 |   0.0
        D:5 |    1012 |       5 |   0.5 |      32 |       1 |   3.0
        D:6 |       0 |      69 | 100.0 |       0 |       1 | 100.0
            +---------+---------+-------+---------+---------+-------

Skill      XL: |  1  2  3  4  5  6  7  8 |
---------------+-------------------------+-----
Maces & Flails | 3 4 5 6 7 9 10 | 10.0
Fighting       | |  2.3
Throwing       | |  0.8
Armour         | |  1.1
Dodging        | |  1.5
Spellcasting   | |  2.0
Translocations | |  2.6

Action                     |  1- 3 |  4- 6 |  7- 9 || total
---------------------------+-------+-------+-------++-------
  Melee: Mace              |   171 |    82 |       ||   253
         Punch             |     2 |     1 |     1 ||     4
         Flail             |       |   189 |   206 ||   395
  Evoke: Wand              |       |     2 |    14 ||    16
    Use: Scroll            |       |     4 |       ||     4
         Potion            |       |       |     3 ||     3
 Armour: Scale mail        |    49 |       |       ||    49
         Leather armour    |     4 |       |       ||     4
         Chain mail        |    50 |   166 |   144 ||   360
  Dodge: Dodged            |    84 |    91 |    78 ||   253

Illustrated notes

Table legend:
 A = Kills in this place as a percentage of kills in the entire game.
 B = Kills by you in this place as a percentage of kills by you in the entire game.
 C = Kills by friends in this place as a percentage of kills by friends in the entire game.
 D = Other kills in this place as a percentage of other kills in the entire game.
 E = Experience gained in this place as a percentage of experience gained in the entire game.
 F = Experience gained in this place divided by the number of levels of this place that you have seen.
                   A       B       C       D       E      F
               +-------+-------+-------+-------+-------+----------------------
         Total | 100.0 | 100.0 | 100.0 |   N/A | 100.0 | 239.0
       Dungeon | 100.0 | 100.0 | 100.0 |   N/A | 100.0 | 278.8
               +-------+-------+-------+-------+-------+----------------------

Table legend: (Time is in decaauts)
 A = Elapsed time spent in this place.
 B = Non-inter-level travel time spent in this place.
 C = Inter-level travel time spent in this place.
 D = Time resting spent in this place.
 E = Time spent auto-exploring this place.
 F = Levels seen in this place.
 G = Mean time per level.
                   A        B        C        D        E       F      G
               +--------+--------+--------+--------+--------+-----+--------+
         Total |   6368 |   6023 |    345 |   1206 |   2724 |   7 |  909.7 |
       Dungeon |   6298 |   5960 |    338 |   1206 |   2675 |   6 | 1049.7 |
        Temple |     70 |     63 |      7 |      0 |     49 |   1 |   70.0 |
               +--------+--------+--------+--------+--------+-----+--------+

Top non-repeatable levels by time:
     D:5: 1759 daAuts
     D:3: 1543 daAuts
     D:4: 1138 daAuts
     D:1: 971 daAuts
     D:2: 807 daAuts
     D:6: 77 daAuts
  Temple: 70 daAuts
